Map: Belladona EE

Players

HeroMarine

  • Race: Terran Terran
  • Spawn Location: 5:00

Special - Winner!

  • Race: Terran Terran
  • League: Master
  • Spawn Location: 11:00

VOD

Have the link to the VOD?

Description

Time

  • Played on: Jan. 14, 2020, 1:14 p.m.
  • Length: 8:54
Show
View Real Time Build Order
Export as new Build Order

HeroMarine Terran 

Build Orders: Gas First Reaper Expand 

Get SALT Encoding   

  12  0:00  SCV  
  13  0:12  SCV  
  14  0:17  Supply Depot  
  14  0:24  SCV  
  14  0:28  Refinery  
  15  0:39  SCV  
  16  0:44  Barracks  
  16  0:51  SCV  
  17  1:03  SCV  
  18  1:15  SCV  
  19  1:31  Reaper, Orbital Command  
  20  1:45  Command Center  
  20  1:56  SCV  
  20  2:00  Factory  
  21  2:06  Barracks Reactor  
  21  2:08  SCV  
  22  2:16  Supply Depot  
  22  2:20  SCV  
  22  2:21  Refinery  
  23  2:37  SCV  
  23  2:42  Marine  
  23  2:43  Marine  
  26  2:45  Starport, Hellion  
  26  2:50  SCV  
  29  3:00  Marine  
  29  3:01  Marine  
  29  3:02  SCV  
  29  3:03  Orbital Command  
  32  3:06  Factory Tech Lab  
  32  3:14  SCV  
  32  3:18  Marine x2  
  35  3:22  Refinery  
  35  3:26  SCV  
  36  3:30  SCV  
  36  3:31  Raven, Factory Tech Lab  
  36  3:34  Supply Depot  
  39  3:37  Marine x2  
  39  3:39  SCV  
  42  3:43  SCV  
  42  3:50  Cyclone  
  42  3:52  SCV  
  42  3:55  Marine x2, SCV  
  48  4:02  Supply Depot  
  49  4:04  SCV  
  50  4:10  SCV  
  50  4:13  Marine x2  
  50  4:16  SCV  
  54  4:19  Supply Depot  
  54  4:24  Raven, SCV  
  57  4:28  SCV  
  57  4:31  Marine x2  
  55  4:36  SCV  
  55  4:37  Siege Tank  
  52  4:40  SCV  
  46  4:48  SCV, Marine  
  44  4:53  SCV  
  44  4:54  Marine  
  46  5:00  SCV  
  46  5:05  SCV  
  46  5:06  Marine  
  46  5:08  Raven  
  46  5:12  Marine, SCV  
  49  5:17  SCV  
  50  5:23  Siege Tank  
  50  5:24  SCV, Marine  
  55  5:29  SCV  
  55  5:30  Marine  
  56  5:36  SCV  
  56  5:41  SCV  
  56  5:42  Marine  
  58  5:48  SCV  
  61  5:53  SCV  
  62  5:59  Siege Tank  
  62  6:01  SCV  
  62  6:03  Supply Depot  
  65  6:05  SCV  
  65  6:09  Supply Depot  
  63  6:13  SCV  
  63  6:16  Viking x2  
  63  6:17  SCV  
  66  6:23  Marine  
  66  6:25  SCV  
  68  6:29  SCV  
  68  6:31  Siege Tank  
  72  6:37  SCV  
  73  6:40  Marine  
  73  6:41  SCV  
  73  6:46  Viking  
  77  6:48  Viking  
  77  6:49  SCV  
  77  6:54  SCV  
  81  6:58  Marine  
  81  7:00  Command Center  
  82  7:01  SCV  
  82  7:06  SCV  
  84  7:13  SCV  
  85  7:18  SCV  
  85  7:24  Viking  
  85  7:27  SCV  
  85  7:30  SCV, Viking  
  85  7:43  SCV  
  86  7:47  Supply Depot  
  86  7:49  SCV  
  87  7:51  Barracks  
  87  7:53  Barracks  
  87  7:57  Siege Tank  
  92  8:00  SCV  
  92  8:01  SCV  
  94  8:11  Engineering Bay x2  
  94  8:12  SCV, Refinery  
  95  8:17  Orbital Command  
  95  8:20  SCV  
  95  8:24  SCV  
  95  8:25  Marine  
  92  8:32  SCV  
  93  8:34  Starport Reactor  
  93  8:36  SCV  
  97  8:43  Barracks Reactor  
Show
View Real Time Build Order
Export as new Build Order

Special Terran - Winner!

Build Orders: Gas First Reaper Expand, Liberator Opening 

Get SALT Encoding   

  12  0:01  SCV  
  13  0:13  SCV  
  14  0:17  Supply Depot  
  14  0:25  SCV  
  15  0:29  Refinery  
  15  0:39  SCV  
  16  0:44  Barracks  
  16  0:51  SCV  
  17  1:03  SCV  
  18  1:15  SCV  
  19  1:31  Reaper  
  19  1:32  Orbital Command  
  20  1:48  Command Center  
  20  1:57  Factory  
  20  2:00  SCV  
  21  2:07  Barracks Reactor  
  21  2:12  SCV  
  21  2:13  Supply Depot  
  22  2:19  Refinery  
  22  2:24  SCV  
  23  2:36  SCV  
  24  2:44  Starport  
  24  2:48  Hellion x2  
  24  2:50  Barracks Tech Lab  
  28  2:52  SCV  
  29  3:05  Orbital Command  
  29  3:10  Hellion  
  29  3:11  Hellion  
  33  3:16  Marauder  
  35  3:23  Medivac  
  37  3:29  Supply Depot  
  37  3:33  Hellion  
  39  3:35  Hellion  
  39  3:39  Marauder  
  39  3:40  Concussive Shells  
  43  3:46  SCV  
  44  3:50  SCV  
  44  3:53  Liberator  
  45  3:57  Hellion x2  
  45  4:01  Marauder  
  51  4:05  Supply Depot  
  54  4:20  Supply Depot  
  54  4:26  SCV x2  
  56  4:35  Hellion x2  
  49  4:39  SCV  
  49  4:41  SCV  
  47  4:51  SCV  
  46  4:56  SCV, Hellion  
  49  5:03  SCV  
  49  5:06  Starport Tech Lab, Command Center  
  48  5:08  SCV  
  49  5:15  SCV  
  49  5:20  SCV  
  51  5:26  Marine x2, Siege Tank  
  51  5:27  Raven, SCV  
  59  5:32  SCV  
  60  5:39  SCV  
  59  5:43  Marine  
  59  5:44  Marine  
  59  5:45  SCV  
  60  5:51  SCV  
  60  5:53  Refinery x2  
  62  5:57  SCV  
  62  6:00  Supply Depot  
  62  6:01  Marine x2, Siege Tank  
  62  6:03  SCV  
  68  6:04  Supply Depot  
  68  6:09  SCV  
  69  6:15  SCV  
  69  6:18  Barracks  
  70  6:20  Barracks  
  70  6:21  SCV  
  70  6:25  Orbital Command  
  71  6:27  SCV  
  71  6:28  Viking x2  
  71  6:31  Marine  
  77  6:33  SCV, Siege Tank  
  77  6:35  Stimpack  
  82  6:40  SCV  
  82  6:45  SCV  
  83  6:48  Marine  
  83  6:52  Engineering Bay  
  84  6:54  Engineering Bay  
  84  6:58  Viking x2  
  88  7:01  Bunker  
  88  7:03  SCV x2  
  88  7:05  Siege Tank  
  88  7:06  SCV, Marine  
  95  7:13  Barracks Reactor x2  
  95  7:15  SCV  
  96  7:18  Supply Depot  
  96  7:19  Supply Depot  
  96  7:24  Marine  
  94  7:31  Viking  
  95  7:37  Siege Tank  
  95  7:42  Marine  
  98  7:44  SCV x2  
  100  7:56  Marine x4  
  104  8:00  Marine  
  103  8:06  SCV x3  
  103  8:07  Viking x2  
  110  8:14  Marine x4  
  110  8:16  Barracks  
  110  8:17  Marine  
  110  8:18  Barracks  
  115  8:26  Orbital Command  
  115  8:27  Supply Depot  
  115  8:29  Supply Depot  
  115  8:32  Marine x4, SCV  
  123  8:35  Marine  
  123  8:40  SCV  
Tags
 
Add a new tag
Caveats
  • Supply blocks, unpowered buildings, or Contaminate may cause inaccurate times.
  • Supply counts are checked every 10 seconds.